 Dungeon Crawl Stone Soup version 0.23-a0-307-gc3b755d (webtiles) character file.

877 iamserjio the Insei (level 8, 14/48 HPs)
             Began as a Tengu Air Elementalist on Oct 10, 2018.
             Quit the game on level 6 of the Dungeon.
             The game lasted 00:17:45 (2431 turns).

iamserjio the Insei (Tengu Air Elementalist)        Turns: 2431, Time: 00:17:46

Health: 14/48      AC:  5    Str:  9    XL:     8   Next: 4%
Magic:  12/12      EV: 12    Int: 18    God:
Gold:   215        SH:  0    Dex: 14    Spells: 6/11 levels left

rFire    . . .     SeeInvis +     - Unarmed
rCold    . . .     Gourm    .   (no shield)
rNeg     . . .     Faith    .   a - +0 robe
rPois    .         Spirit   .   (helmet restricted)
rElec    .         Reflect  .   (no cloak)
rCorr    .         Harm     .   t - +2 pair of gloves
MR       .....                  (boots unavailable)
Stlth    ++........             (no amulet)
HPRegen  0.16/turn              b - ring of see invisible
MPRegen  0.13/turn              (no ring)

@: drained
A: beak, talons 3, able to fly 1
a: Fly


You were on level 6 of the Dungeon.
You were not hungry.

You visited 2 branches of the dungeon, and saw 7 of its levels.
You also visited: Ossuary.

You collected 215 gold pieces.

Inventory:

Hand Weapons
 g - a +0 hunting sling
Missiles
 e - 63 arrows
 h - 35 stones (quivered)
 o - 27 sling bullets
Armour
 a - a +0 robe (worn)
 r - a +0 scale mail
 t - a +2 pair of gloves (worn)
Jewellery
 b - a ring of see invisible (left hand)
 s - an uncursed amulet of harm
Wands
 l - a wand of iceblast (1)
 m - a wand of digging (8)
 p - a wand of enslavement (4)
Scrolls
 d - a scroll of blinking
 f - a scroll of fog
 k - 6 scrolls of remove curse {@r2}
 q - 2 scrolls of teleportation
 v - 3 scrolls of fear {unknown}
 y - 2 scrolls of amnesia
 z - a scroll of holy word {unknown}
 A - a scroll of magic mapping {unknown}
 B - a scroll of identify {@r1}
Potions
 i - 5 potions of flight
 j - a potion of lignification
 n - 4 potions of curing {@q1}
 w - a potion of resistance {unknown}
 x - a potion of degeneration {unknown}
Comestibles
 c - 9 rations
 u - 2 chunks of flesh


   Skills:
 + Level 4.4(4.3) Fighting
 - Level 2.1 Dodging
 - Level 2.0(1.9) Stealth
 * Level 7.0 Unarmed Combat
 - Level 2.0(1.9) Spellcasting
 - Level 2.0(1.9) Conjurations
 - Level 6.0 Air Magic


You had 6 spell levels left.
You knew the following spells:

 Your Spells              Type           Power        Failure   Level  Hunger
a - Shock                 Conj/Air       ###.         3%          1    #......
b - Airstrike             Air            ###.......   16%         4    #####..

Your spell library contained the following spells:

 Spells                   Type           Power        Failure   Level  Hunger
 Swiftness                Chrm/Air       ##......     8%          2    ###....
 Static Discharge         Conj/Air       ###.....     11%         3    ###....
 Lightning Bolt           Conj/Air       ###.......   67%         5    ######.


Dungeon Overview and Level Annotations

Branches:
Dungeon (6/15)             Temple (1/1) D:4

Altars:
Ashenzari
Dithmenos
Fedhas
Gozag
Hepliaklqana
Kikubaaqudgha
Makhleb
Nemelex Xobeh
Okawaru
Qazlal
Ru
Sif Muna
Trog
Uskayaw
Vehumet
Wu Jian
Yredelemnul
The Shining One


Innate Abilities, Weirdness & Mutations

You have a beak for a mouth.
You have claws for feet.
You can fly.


Message History

You peck the hound zombie, but do no damage.
You punch the hound zombie.
You feel sick. The hound zombie closely misses you.
You hit the hound zombie. The hound zombie bites you.
The hound zombie bites you but does no damage.
You hit the hound zombie but do no damage.
Your kick misses the hound zombie.
The hound zombie bites you but does no damage.
You barely miss the hound zombie. The hound zombie misses you.
You barely miss the hound zombie.
The hound zombie bites you but does no damage.
You hit the hound zombie. Your kick misses the hound zombie.
You feel sick. The hound zombie bites you.
* * * LOW HITPOINT WARNING * * *
You punch the hound zombie! You claw the hound zombie.
The hound zombie bites you but does no damage.
You hit the hound zombie.
You destroy the hound zombie!
You feel sick.
You are no longer poisoned.
Found a shattered altar of Ashenzari.

#)...#######..#
#........>†÷..#
##...########.####
##.## #.......#
####..#####.##.##.#
#.......#......# #
##......#.....##
##.....#....##
##....#@..##
##...#..## #..#.##
##### ...# _.# ..#
##+#


There were no monsters in sight!

Vanquished Creatures
  A phantom (D:3)
  2 centaurs (D:5)
  An elf zombie (Ossuary)
  A scorpion (D:6)
  A wight (D:6)
  A centaur zombie (Ossuary)
  4 human zombies (Ossuary)
  2 crimson imps (D:5)
  An orc priest (D:5)
  3 orc wizards
  2 worker ants (D:4)
  A hound zombie (D:6)
  2 mummies (Ossuary)
  2 adders
  3 adder skeletons
  3 worms
  3 dart slugs
  2 leopard geckos (D:2)
  6 orcs
  4 bats (D:2)
  3 giant cockroaches
  4 goblins
  A hobgoblin (D:1)
  11 jackals
  A kobold (D:2)
  3 frilled lizards
  A leopard gecko skeleton (D:6)
  3 rats
72 creatures vanquished.

Vanquished Creatures (others)
  A centaur zombie (Ossuary)
  A human zombie (Ossuary)
2 creatures vanquished.

Grand Total: 74 creatures vanquished

Notes
Turn   | Place    | Note
-------+----------+-------------------------------------------
     0 | D:1      | iamserjio the Tengu Air Elementalist began the quest for
                  | the Orb.
     0 | D:1      | Reached XP level 1. HP: 10/10 MP: 4/4
   320 | D:2      | Reached skill level 1 in Unarmed Combat
   320 | D:2      | Reached XP level 2. HP: 15/16 MP: 4/6
   389 | D:2      | Found a hide-covered altar of Uskayaw.
   399 | D:2      | Reached skill level 1 in Fighting
   399 | D:2      | Reached XP level 3. HP: 13/20 MP: 0/7
   586 | D:2      | Reached skill level 2 in Unarmed Combat
   599 | D:2      | HP: 1/20 [dart slug/slug dart (2)]
   613 | D:2      | HP: 1/20 [frilled lizard (1)]
   713 | D:3      | Noticed a phantom
   738 | D:3      | Killed a phantom
   738 | D:3      | Reached skill level 3 in Unarmed Combat
   738 | D:3      | Reached skill level 5 in Air Magic
   738 | D:3      | Reached XP level 4. HP: 8/26 MP: 1/8
   738 | D:3      | Gained mutation: You can fly. [Tengu growth]
   738 | D:3      | Reached XP level 5. HP: 9/30 MP: 1/9
   744 | D:3      | Learned a level 4 spell: Airstrike
   821 | D:3      | Found a hazy altar of Hepliaklqana.
   827 | D:3      | Found a basalt altar of Yredelemnul.
  1081 | D:4      | Found a blossoming altar of Fedhas.
  1218 | D:4      | Found a staircase to the Ecumenical Temple.
  1247 | D:4      | HP: 1/31 [orc wizard/dagger (1)]
  1248 | D:4      | Reached skill level 4 in Unarmed Combat
  1248 | D:4      | Reached XP level 6. HP: 1/36 MP: 1/10
  1252 | Temple   | Entered the Ecumenical Temple
  1609 | D:5      | Entered Level 5 of the Dungeon
  1654 | D:5      | HP: 1/36 [centaur/arrow (10)]
  1662 | D:5      | Reached skill level 5 in Unarmed Combat
  1814 | D:5      | Reached XP level 7. HP: 19/41 MP: 1/11
  1853 | D:5      | Found a sand-covered staircase.
  1861 | Ossuary  | Entered an ossuary
  1993 | Ossuary  | Reached skill level 6 in Unarmed Combat
  2059 | D:4      | Found a burning altar of Makhleb.
  2408 | D:6      | Reached skill level 7 in Unarmed Combat
  2408 | D:6      | Reached XP level 8. HP: 21/48 MP: 12/12
  2428 | D:6      | Found a shattered altar of Ashenzari.
  2431 | D:6      | Quit the game

Vault maps used:
D:1:      dpeg_arrival_pits
D:2:      lemuel_round_altar
D:3:      minmay_diamond_boxcup, overflow_temple_1_default, first_ration,
          serial_bayou_lagoon_a, yredelemnul_altar_generic
D:4:      lemuel_upstairs_altar, fedhas_altar_2, temple_green
D:5:      nicolae_ossuary_entry_ruins
D:6:      nicolae_ashenzari_panopticon
Temple:   dshaligram_water_room_temple
Ossuary:  ossuary_minmay_four_chambers

Skill      XL: |  1  2  3  4  5  6  7 |
---------------+----------------------+-----
Unarmed Combat | 1 3 4 5 7 |  7.0
Conjurations   | 2 |  2.0
Fighting       | 1 2 3 4 |  4.4
Air Magic      | 5 6 |  6.0
Dodging        | |  2.1
Stealth        | |  2.0
Spellcasting   | |  2.0

Action                   |  1- 3 |  4- 6 |  7- 9 || total
-------------------------+-------+-------+-------++-------
Melee: Unarmed           |    34 |    39 |   107 ||   180
       Kick              |     5 |     8 |    20 ||    33
       Peck              |     3 |     4 |    15 ||    22
       Punch             |     1 |     1 |     3 ||     5
 Cast: Shock             |    45 |    48 |    15 ||   108
       Airstrike         |       |       |     8 ||     8
 Abil: Fly               |       |     1 |       ||     1
Evoke: Wand              |     1 |     6 |     5 ||    12
  Use: Scroll            |       |     9 |     1 ||    10
       Potion            |       |     3 |     1 ||     4
  Eat: Chunk             |       |     5 |     1 ||     6
       Ration            |       |       |     1 ||     1
Armor: Robe              |    11 |    17 |    24 ||    52
       Skin              |       |     6 |     4 ||    10
Dodge: Dodged            |    31 |    33 |    39 ||   103

Table legend:
 A = Non-vault XP
 B = Vault XP
 C = Vault XP percentage of total XP
 D = Non-vault monster count
 E = Vault monster count
 F = Vault count percentage of total count
                 A         B        C        D         E       F
            +---------+---------+-------+---------+---------+-------
      Total |     959 |     295 |  23.5 |      64 |       9 |  12.3
            +---------+---------+-------+---------+---------+-------
        D:1 |       7 |       0 |   0.0 |       3 |       0 |   0.0
        D:2 |      54 |       0 |   0.0 |      19 |       0 |   0.0
        D:3 |     135 |       0 |   0.0 |       4 |       0 |   0.0
        D:4 |     152 |       0 |   0.0 |      18 |       0 |   0.0
        D:5 |     454 |       0 |   0.0 |      13 |       0 |   0.0
        D:6 |     157 |       0 |   0.0 |       7 |       0 |   0.0
    Ossuary |       0 |     295 | 100.0 |       0 |       9 | 100.0
            +---------+---------+-------+---------+---------+-------
